[Event "*** Titled Tuesday Blitz AM"]
[Site "Chess.com"]
[Date "2020.01.07"]
[Round "9"]
[White "LonesomeGeorge1"]
[Black "BIG_Pirate"]
[Result "1-0"]
[WhiteElo "2317"]
[BlackElo "2397"]
[TimeControl "180+2"]
[EndTime "11:07:45 PST"]
[Termination "LonesomeGeorge1 won by resignation"]

1. d4 d5 2. Bf4 Nf6 3. e3 c5 4. c3 Qb6 5. Qb3 c4 6. Qc2 g6 7.
b3 Bf5 8. Qb2 cxb3 9. axb3 Nc6 10. Nd2 Bg7 11. Ngf3 O-O 12. Nh4 Be6 13. Bd3 Nh5 14.
Bg3 Nxg3 15. hxg3 Rfc8 16. O-O Qd8 17. Nhf3 a6 18. b4 Qc7 19. Nb3 Bg4 20. Nc5 e5 21. Be2 e4 22. Ne1 Bf5 23. Nc2 Bf8 24. b5 axb5 25.
Qxb5 Rxa1 26. Rxa1 b6 27. Na4 Ne7 28. Rb1 Bd7 29.
Qb3 Bxa4 30. Qxa4 Qxc3 31. Nb4 Qd2 32. Qd1 Qxd1+ 33. Bxd1 Rd8 34. Ra1 Nf5 35. Nc6 Rc8 36.
Ne5 Nd6 37. Bb3 b5 38. Bxd5 b4 39. Ra7 Rb8 40. Nxf7 Nxf7 41. Rxf7 Kh8 42. Bb3 Rc8 43.
g4 Bd6 44. g3 Rc3 45. Bd5 Rc1+ 46. Kg2 Rb1 47. Rb7 Rb2 48. Bxe4 Kg8 49. Bd5+ Kh8 50. e4 Rd2 51. e5 Bf8 52. e6 Rxd4 53. Rb5 Kg7 54. f4 Kf6 55. Kf3 Rd3+ 56. Kg2 Be7 57. g5+ Kg7 58. Kh3 h6 59. Rb7 Rxd5 60.
Rxe7+ Kf8 61. Rf7+ Kg8 62. gxh6 Rh5+ 63. Kg4 Rxh6 64.
Kg5 Rh3 65. g4 Re3 66. f5 gxf5 67. gxf5 b3 68. Rb7 Kf8 69. Kf6 Kg8 70. Rb8+ Kh7 71. e7 1-0

[Event "*** Titled Tuesday Blitz AM"]
[Site "Chess.com"]
[Date "2020.01.07"]
[Round "9"]
[White "EugeneRougon"]
[Black "Evgeny81"]
[Result "0-1"]
[WhiteElo "2716"]
[BlackElo "2616"]
[TimeControl "180+2"]
[EndTime "11:07:47 PST"]
[Termination "Evgeny81 won by resignation"]

1. e4 c5 2. Nf3 d6 3. d4 cxd4 4. Nxd4 Nf6 5. Nc3 g6 6. Be2 Bg7 7. O-O Nc6 8. Nb3 O-O 9. Re1 Be6 10. Bf1 Rc8 11. Bg5 a6 12. Nd5 Bxd5 13. exd5 Ne5 14. c3 Re8 15. h3 Ned7 16. Qd2 Nb6 17. Rad1 Nbxd5 18. c4 Nc7 19. Na5 Ne6 20. Be3 b6 21.
Nb3 Ne4 22. Qc2 N4c5 23. Nc1 a5 24. b3 Qc7 25. Ne2 a4 26. b4 Nd7 27. Nc3 Bxc3 28.
Qxc3 Ne5 29. Bh6 g5 30. h4 f6 31. hxg5 Nxg5 32. f4 Ngf7 33. fxe5 Nxh6 34. exf6 e5 35.
c5 bxc5 36. Bc4+ Kh8 37. b5 Nf5 38. f7 Rf8 39. Qf3 Ng7 40. Qf6 Rcd8 41. Bd5 Qb6 42. Rd3 c4+ 43. Rde3 Qd4 44. Be6 Qf4 45. Qxf4 exf4 46.
Rf3 Nxe6 47. Rxe6 Rxf7 48. Re4 d5 49. Rexf4 Rxf4 50. Rxf4 Rb8 51. Kf2 Rxb5 52. Ke3 Rb2 53. Kd4 Rxa2 54. Kxd5 c3 55. Rc4 c2 56. Ke6 Kg7 57.
Kf5 Kf7 58. Rc7+ Ke8 59. g4 Kd8 60. Rc3 a3 61. Ke6 Rb2 62. Kd6 Rb6+ 63. Kc5 a2 64. Kxb6 a1=Q 0-1

[Event "*** Titled Tuesday Blitz AM"]
[Site "Chess.com"]
[Date "2020.01.07"]
[Round "9"]
[White "Colombiano07"]
[Black "Nbk90"]
[Result "0-1"]
[WhiteElo "2164"]
[BlackElo "2504"]
[TimeControl "180+2"]
[EndTime "11:08:38 PST"]
[Termination "Nbk90 won by resignation"]

1. Nf3 Nf6 2. b3 g6 3. Bb2 Bg7 4. c4 O-O 5. g3 d6 6. Bg2 e5 7.
O-O Re8 8. Nc3 Nc6 9. e3 e4 10.
Nd4 Nxd4 11. exd4 Bf5 12. h3 h5 13. Ne2 Qd7 14. Kh2 Re7 15. Nf4 Rae8 16. b4 Nh7 17. a4 c5 18. bxc5 dxc5 19. Nd5 cxd4 20. Nxe7+ Rxe7 21. a5 Ng5 22. h4 Bg4 23. Qa4 Nf3+ 24.
Bxf3 Bxf3 25. Qxd7 Rxd7 26. c5 Be5 27. a6 bxa6 28.
Rxa6 Be2 29. Rfa1 Bxa6 30. Rxa6 Rc7 31. c6 f6 32. Ba3 Kf7 33. Bc5 Ke6 34. Bxa7 Kd5 35.
Kg2 Rxc6 36. Ra5+ Kc4 37. f3 Kd3 38. Ra2 Rc2 39. Ra3+ Kxd2 40. fxe4 Ke2 41. Rf3 d3 42. Be3 d2 43. Bxd2 Rxd2 44. Rb3 Rd3 45. Rb7 Rxg3+ 46. Kh1 Rg4 47. Rb2+ Ke3 48. Re2+ Kf4 49. Rf2+ Kg3 50. Rg2+ Kxh4 51. Rb2 Rxe4 52. Rb1 g5 53. Rf1 Rf4 54. Rb1 Kg4 55. Rg1+ Kf5 56. Rb1 Ra4 57. Kg2 Ra1 58. Rb7 Ra2+ 59. Kh1 h4 60. Rb3 Bf4 61. Rb5+ Kg4 62.
Rb3 Bg3 63. Rb4+ Kh3 64. Rb1 Rh2+ 65. Kg1 f5 66. Rf1 Rg2+ 67. Kh1 Re2 68. Rb1 Re1+ 69. Rxe1 Bxe1 0-1

[Event "*** Titled Tuesday Blitz AM"]
[Site "Chess.com"]
[Date "2020.01.07"]
[Round "9"]
[White "rasmussvane"]
[Black "Atakishiyev04"]
[Result "1/2-1/2"]
[WhiteElo "2870"]
[BlackElo "2719"]
[TimeControl "180+2"]
[EndTime "11:09:13 PST"]
[Termination "Game drawn by repetition"]

1. Nf3 d5 2. g3 Nf6 3. Bg2 Bf5 4.
O-O e6 5. c4 c6 6. cxd5 exd5 7.
d3 Be7 8. Qb3 Qb6 9. Qc2 Nbd7 10.
Nc3 O-O 11. e4 dxe4 12. dxe4 Be6 13. Be3 Qa5 14. a3 Rad8 15. Rfd1 Rfe8 16. Nd4 Nf8 17.
b4 Qc7 18. Nxe6 Nxe6 19. Bh3 Bf8 20. Rxd8 Nxd8 21. Rd1 Ne6 22. Qb3 a5 23. Qc4 axb4 24. axb4 Nd7 25. f4 Nb6 26. Qb3 c5 27. Bxe6 Rxe6 28.
b5 c4 29. Qc2 Rd6 30. Rxd6 Bxd6 31. Qf2 Nd7 32. e5 Bb4 33. Nd5 Qa5 34. Qb2 Bf8 35. Kf2 b6 36. f5 Bc5 37. e6 fxe6 38. fxe6 Bxe3+ 39. Kxe3 Nc5 40. e7 Qe1+ 41. Qe2 Qxe2+ 42. Kxe2 Kf7 43. Nxb6 Nb3 44. Ke3 c3 45. Kd3 Nd4 46. Kxc3 Nxb5+ 47. Kb4 Nc7 48. Nc8 Nd5+ 49. Kc5 Nxe7 50.
Nd6+ Ke6 51. Nc4 Nd5 52. Kd4 Nc7 53. Ke4 Nd5 54. Nd2 Nf6+ 55. Kd4 Kf5 56. h3 g5 57.
Ke3 g4 58. h4 Nd5+ 59. Kf2 Ke5 60. Nc4+ Kd4 61. Nd6 Ne7 62. Nf7 Nf5 63. Ng5 h6 64. Ne6+ Ke4 65. Nc5+ Kd5 66. Nd7 Ke6 67. Nb6 Ke5 68.
Nc4+ Kd4 69. Na5 Nd6 70. Nc6+ Ke4 71. Ne7 Nc4 72. Ng8 h5 73. Nf6+ Ke5 74. Nxh5 Nd6 75. Nf4 Ne4+ 76. Kg2 Kf5 77. Nd5 Ke6 78. Ne3 Nf6 79.
Kf1 Ne4 80. Kg2 Nf6 81. Nd1 Ke5 82. Nf2 Kd4 83. Kf1 Ke3 84. Kg2 Ke2 85. Nh1 Ke3 86. Kg1 Kf3 87. Kh2 Nh5 88. Kg1 Nf6 89. Kf1 Nh5 90.
Kg1 Nf6 1/2-1/2

[Event "*** Titled Tuesday Blitz AM"]
[Site "Chess.com"]
[Date "2020.01.07"]
[Round "9"]
[White "DrVelja"]
[Black "albi1999"]
[Result "1/2-1/2"]
[WhiteElo "2677"]
[BlackElo "2537"]
[TimeControl "180+2"]
[EndTime "11:09:15 PST"]
[Termination "Game drawn by repetition"]

1. e4 c6 2. Nf3 d5 3. exd5 cxd5 4. Ne5 g6 5. d4 Bg7 6. Bb5+ Bd7 7. Nxd7 Nxd7 8. O-O Nf6 9. c3 O-O 10. h3 e5 11. dxe5 Nxe5 12. Be3 Nc4 13. Bxc4 dxc4 14. Bd4 Ne4 15. Qe2 Re8 16. Qxc4 Rc8 17. Qa4 Bxd4 18.
cxd4 Qb6 19. Nc3 Qxb2 20. Nxe4 Rxe4 21. Rad1 a6 22. Qd7 Ree8 23. d5 Red8 24. Qa4 Qc2 25. Qf4 Qc4 26. Rd4 Qxa2 27. d6 Qe6 28. Rfd1 Rd7 29. Re4 Qf5 30. Qe3 Rcd8 31. Re7 Kg7 32. Rxd7 Rxd7 33. Qb6 Qe6 34. Qd4+ f6 35. Qb6 h5 36. h4 Kh6 37. g3 a5 38. Rd3 a4 39.
Qb4 b5 40. Qxb5 Rxd6 41. Re3 Qd7 42. Qb8 Rd1+ 43. Kh2 Qd8 44. Qf4+ Kh7 45. Qxa4 Rd7 46.
Qf4 Kg7 47. Re6 Rf7 48. g4 hxg4 49. Qxg4 Qd5 50. Re8 Qd6+ 51. Kh3 Qd3+ 52. Re3 Qf1+ 53. Kg3 Qg1+ 54. Kf3 Qxg4+ 55. Kxg4 Ra7 56. f4 Kh6 57. Re6 f5+ 58. Kg3 Ra3+ 59. Kg2 Kh5 60. Kf2 Rh3 61. Kg2 Rxh4 62. Kf3 Rh3+ 63. Kf2 Ra3 64. Kg2 Rb3 65. Kf2 Rh3 66. Kg2 Rh4 67. Kg3 Rg4+ 68. Kf3 Rg1 69.
Re8 Rf1+ 70. Kg3 Kh6 71. Rh8+ Kg7 72. Ra8 Rb1 73. Ra7+ Kh6 74. Ra8 Rb3+ 75. Kf2 Kh5 76. Ra6 Rc3 77. Kg2 Kg4 78. Rxg6+ Kxf4 79. Ra6 Rc2+ 80. Kf1 Kf3 81. Ra3+ Kg4 82. Ra4+ f4 83. Ra3 Rc4 84. Rb3 Re4 85. Kf2 Rc4 86. Ra3 Rc2+ 87. Kf1 Rh2 88. Rb3 Rh8 89. Kf2 Rh2+ 90. Kf1 Ra2 91.
Rc3 f3 92. Rc8 Ra1+ 93. Kf2 Ra2+ 94. Kf1 Ra1+ 95. Kf2 Ra2+ 96. Kf1 1/2-1/2

[Event "*** Titled Tuesday Blitz AM"]
[Site "Chess.com"]
[Date "2020.01.07"]
[Round "9"]
[White "nihalsarin"]
[Black "1stSecond"]
[Result "1/2-1/2"]
[WhiteElo "3034"]
[BlackElo "2821"]
[TimeControl "180+2"]
[EndTime "11:09:50 PST"]
[Termination "Game drawn by 50-move rule"]

1. Nf3 d5 2. d4 e6 3. Bf4 Bd6 4.
Bg3 c5 5. e3 Nc6 6. c3 Bxg3 7.
hxg3 Qd6 8. Nbd2 Nge7 9. Bd3 h6 10. dxc5 Qxc5 11. e4 Bd7 12. Qe2 O-O-O 13. O-O Kb8 14.
a4 Bc8 15. e5 g5 16. a5 g4 17.
Nb3 gxf3 18. gxf3 Nd4 19. Nxc5 Nxe2+ 20. Bxe2 d4 21. f4 h5 22. Rfd1 dxc3 23. bxc3 h4 24. Kg2 hxg3 25. fxg3 Nd5 26. Rd3 Rdg8 27. Rf3 Rh7 28. c4 Ne7 29. Bd3 Rh6 30. Be4 Kc7 31. Rb3 Nf5 32. Nxb7 Rgh8 33. Nd6 Rh2+ 34. Kg1 Nd4 35.
Nb5+ Nxb5 36. cxb5 Bb7 37. Rc1+ Kb8 38. Bxb7 Kxb7 39. Rbc3 Rh1+ 40. Kg2 R8h2+ 41. Kf3 Rxc1 42. Rxc1 Rb2 43. Rc5 Ra2 44. b6 axb6 45. axb6 Kxb6 46. Rc3 Ra8 47. Kg4 Rg8+ 48. Kh5 Kb7 49. g4 Kb6 50. g5 Rh8+ 51. Kg4 Rh1 52. Rc8 Rg1+ 53. Kf3 Rf1+ 54. Kg3 Rg1+ 55. Kf2 Rh1 56. Rf8 Rh7 57. g6 fxg6 58.
Rf6 Re7 59. Ke3 Kc5 60. Ke4 Kc6 61. Rxg6 Kd7 62. Rg1 Rh7 63. Rd1+ Ke7 64. Ra1 Rh2 65. Ra7+ Ke8 66. Ra6 Ke7 67. Ra7+ Ke8 68. Kf3 Rh1 69. Kg4 Rg1+ 70. Kh5 Kf8 71. Kh6 Rg4 72. Ra4 Kf7 73. Kh5 Rg1 74. Ra7+ Kf8 75. Rh7 Rg2 76. Rb7 Rg1 77.
Kh4 Rg2 78. Rc7 Rg1 79. Kh3 Ke8 80. Rb7 Kf8 81. Kh4 Rg2 82. Kh5 Rg1 83. Rb6 Kf7 84. Ra6 Rg2 85. Ra7+ Kf8 86. Rc7 Rg1 87. Kh6 Rg4 88. Rc4 Kf7 89. Rb4 Kf8 90. Kh5 Rg1 91.
Rb7 Rg2 92. Rd7 Rg1 93. Kh4 Rg2 94. Kh3 Rg1 95. Rc7 Ke8 96. Kh4 Kf8 97. Rc3 Kf7 98. Rg3 Ra1 99. Kg5 Rh1 100. Rg2 Ra1 101. Kg4 Rh1 102. Rb2 Rg1+ 103. Kf3 Rf1+ 104. Kg3 Rg1+ 105. Kf2 Ra1 106. Rb6 Ra3 107. Rd6 Rh3 108. Ke2 Ra3 109. Rd3 Ra2+ 110. Kf3 Ra1 111. Rd7+ 1/2-1/2

[Event "*** Titled Tuesday Blitz AM"]
[Site "Chess.com"]
[Date "2020.01.07"]
[Round "9"]
[White "Gahan-MG"]
[Black "politeplayer"]
[Result "1-0"]
[WhiteElo "2496"]
[BlackElo "2167"]
[TimeControl "180+2"]
[EndTime "11:10:03 PST"]
[Termination "Gahan-MG won on time"]

1. e4 c5 2. Nf3 e6 3. c3 Nf6 4.
e5 Nd5 5. d4 cxd4 6. cxd4 d6 7.
a3 Bd7 8. Bd3 Bc6 9. O-O Nd7 10.
Bd2 dxe5 11. Nxe5 Nxe5 12. dxe5 Bc5 13. b4 Bb6 14. b5 Bd7 15. a4 O-O 16. Nc3 Nxc3 17.
Bxc3 Rc8 18. Bb4 Bc5 19. Qb3 Qe7 20. Bc3 Rfd8 21. Be4 b6 22. Rfd1 Qh4 23. Qc2 Bxf2+ 24. Qxf2 Qxe4 25. Rd4 Qxe5 26. Rxd7 Qxc3 27. Qxf7+ Kh8 28.
Rf1 Qc5+ 29. Kh1 Rxd7 30. Qxd7 Rf8 31. Rg1 Qd5 32. Qxa7 h5 33. Qxb6 h4 34. Qc6 Qd4 35.
Qxe6 Qxa4 36. b6 Qa6 37. Qe7 Rf1 38. Qxh4+ Kg8 39. Qd8+ Kh7 40. Qd4 Qe2 41. b7 Rxg1+ 42. Qxg1 Qb5 43. h3 Qxb7 44. Qd4 Qb1+ 45. Kh2 Qb8+ 46. g3 Qb5 47. Qe4+ Kh8 48. h4 Qb2+ 49. Kh3 Qb3 50. Qe8+ Kh7 51. Qh5+ Kg8 52. Qf5 Qd1 53.
h5 Qh1+ 54. Kg4 Qd1+ 55. Qf3 Qd4+ 56. Kh3 Qd7+ 57. g4 Qd4 58. Kh4 Qd8+ 59. Kh3 Qg5 60.
Qa8+ Kh7 61. Qe4+ Kh8 62. Qe6 Qd2 63. Qe8+ Kh7 64. Qg6+ Kh8 65. Qe8+ Kh7 66. Qe4+ Kh8 67. Qf5 Qe3+ 68. Kh4 Qe1+ 69. Kg5 Qe3+ 70. Kg6 Qe8+ 71. Qf7 Qc6+ 72. Kg5 Qc1+ 73. Qf4 Qc5+ 74. Kh4 Qe7+ 75.
g5 Qe1+ 76. Kg4 Qe2+ 77. Qf3 Qe6+ 78. Kh4 Qc4+ 79. Qg4 Qc2 80. Qf4 Qc8 81. Qd4 Qc7 82. h6 Qh2+ 83. Kg4 Qg2+ 84. Kf5 Qf3+ 85. Ke6 Qc6+ 86.
Kf7 Qc7+ 87. Kg6 Qc6+ 88. Kf5 Qc8+ 89. Ke5 gxh6 90. g6 Qe8+ 91. Kf6 1-0